 Dungeon Crawl Stone Soup version 0.27-a0-1196-g3e9cee4cb2 (webtiles) character file.

Game seed: 3862703620949117625

38130 Kuinu the Unseen (level 14, -19/86 (92) HPs)
             Began as a Kobold Brigand on May 28, 2021.
             Was a High Priest of Dithmenos.
             Demolished by Rupert
             ... wielding a +4 great mace of draining
              (46 damage)
             ... on level 14 of the Dungeon.
             The game lasted 00:33:29 (16862 turns).

Kuinu the Unseen (Kobold Brigand)                  Turns: 16862, Time: 00:33:30

HP:   -19/86 (92)   AC: 13    Str:  9    XL:     14   Next: 32%
MP:   14/14         EV: 28    Int: 12    God:    Dithmenos [*****.]
Gold: 604           SH:  0    Dex: 21    Spells: 13/13 levels left

rFire    + . .     SeeInvis .   H - +8 Vampire's Tooth {vamp}
rCold    + . .     Faith    .   L - +1 buckler {reflect}
rNeg     . . .     Spirit   .   u - +3 leather armour {rC+}
rPois    .         Reflect  +   F - +0 helmet
rElec    .         Harm     .   c - +0 cloak
rCorr    .         Rampage  .   l - +0 pair of gloves
Will     +....                  A - +2 pair of boots
Stlth    +++++.....             n - amulet of reflection
HPRegen  0.24/turn              i - ring of protection from fire
MPRegen  0.14/turn              v - +4 ring of evasion

@: confused, wreathed by umbra, drained
A: small, no large weapons, nightstalker 3
a: Renounce Religion, Shadow Step, Shadow Form


You were on level 14 of the Dungeon.
You worshipped Dithmenos.
Dithmenos was extremely pleased with you.
You visited 2 branches of the dungeon, and saw 15 of its levels.
You also visited: Ossuary.

You collected 844 gold pieces.
You spent 240 gold pieces at shops.

Inventory:

Hand Weapons
 o - a +6 short sword of electrocution
 r - a +0 dagger of holy wrath
 x - a +2 scimitar of flaming
 B - the +3 hand crossbow "Utisal" {freeze, rElec Will+}
   (You found it on level 6 of the Dungeon)

   It causes projectiles fired from it to freeze those they strike, causing
   extra injury to most foes and up to half again as much damage against
   particularly susceptible opponents.
   They can also slow down cold-blooded creatures.
   It insulates you from electricity.
   It increases your willpower.
 H - the +8 Vampire's Tooth (weapon) {vamp}
   (You acquired it on level 7 of the Dungeon)

   It inflicts no extra harm, but heals its wielder when it wounds a living foe.
Missiles
 b - 4 atropa-tipped darts
 d - 47 poisoned darts
 m - 8 curare-tipped darts (quivered)
 T - 4 throwing nets
Armour
 a - +0 acid dragon scales
 c - a +0 cloak (worn)
 g - a +2 robe of resistance
 l - a +0 pair of gloves (worn)
 u - a +3 leather armour of cold resistance (worn)
 y - +0 swamp dragon scales
 A - a +2 pair of boots (worn)
 F - a +0 helmet (worn)
 L - a +1 buckler of reflection (worn)
 S - the +1 robe "Zeakoeh" {rElec rF+++ Int-3 Dex-2}
   (You found it on level 9 of the Dungeon)

   It affects your intelligence (-3).
   It affects your dexterity (-2).
   It renders you almost immune to fire.
   It insulates you from electricity.
 X - a +0 troll leather armour
 Y - a +2 robe of positive energy
Jewellery
 f - a ring of protection from cold
 i - a ring of protection from fire (left hand)
 n - an amulet of reflection (around neck)
 p - a ring of poison resistance
 v - a +4 ring of evasion (right hand)
 Z - a ring of positive energy
Wands
 C - a wand of acid (9)
 N - a wand of iceblast (4)
 V - a wand of flame (63)
 W - a wand of digging (5)
Scrolls
 k - 7 scrolls of teleportation
 E - 2 scrolls of fog
 J - a scroll of blinking
 M - a scroll of magic mapping
 P - a scroll of enchant armour
 R - a scroll of enchant weapon
 U - a scroll of fear
Potions
 e - 2 potions of invisibility
 h - 2 potions of attraction
 j - 2 potions of ambrosia
 q - 3 potions of mutation
 s - 3 potions of haste
 t - 3 potions of magic
 w - 5 potions of might
 z - a potion of flight
 D - 3 potions of heal wounds
 G - 5 potions of curing
 I - 5 potions of degeneration {unknown}
 K - 2 potions of cancellation {unknown}
 Q - 2 potions of berserk rage {unknown}
Miscellaneous
 O - a piece from Xom's chessboard (15/15)


   Skills:
 * Level 12.3 Fighting
 - Level 14.0 Short Blades
 - Level 2.1 Throwing
 + Level 5.0 Armour
 * Level 13.1 Dodging
 * Level 15.8 Stealth
 + Level 4.8 Shields


You had 13 spell levels left.
You didn't know any spells.
Your spell library contained the following spells:

 Spells                   Type           Power      Damage    Failure   Level
 Animate Skeleton         Necr           0%         N/A       43%         1
 Corona                   Hex            0%         N/A       43%         1
 Foxfire                  Conj/Fire      0%         2x1d4     43%         1
 Pain                     Necr           0%         1d4       43%         1
 Sandblast                Erth           0%         2d4       43%         1
 Summon Small Mammal      Summ           0%         N/A       43%         1
 Call Imp                 Summ           0%         N/A       58%         2
 Corpse Rot               Necr/Air       N/A        N/A       58%         2
 Ensorcelled Hibernation  Hex/Ice        0%         N/A       58%         2
 Sublimation of Blood     Necr           0%         N/A       58%         2
 Call Canine Familiar     Summ           0%         N/A       82%         3
 Confusing Touch          Hex            0%         N/A       82%         3
 Dazzling Flash           Conj/Hex       0%         N/A       82%         3
 Inner Flame              Hex/Fire       0%         N/A       82%         3
 Ozocubu's Armour         Ice            0%         N/A       82%         3
 Portal Projectile        Hex/Tloc       0%         N/A       82%         3
 Summon Guardian Golem    Hex/Summ       0%         N/A       82%         3
 Tukima's Dance           Hex            0%         N/A       82%         3
 Vampiric Draining        Necr           0%         2d6       82%         3
 Animate Armour           Summ/Erth      0%         N/A       99%         4
 Animate Dead             Necr           0%         N/A       99%         4
 Cause Fear               Hex            0%         N/A       99%         4
 Dispel Undead            Necr           0%         3d6       99%         4
 Fulminant Prism          Conj/Hex       0%         3d6       99%         4
 Leda's Liquefaction      Hex/Erth       0%         N/A       99%         4
 Petrify                  Tmut/Erth      0%         N/A       99%         4
 Summon Ice Beast         Ice/Summ       0%         N/A       99%         4
 Summon Lightning Spire   Summ/Air       0%         N/A       99%         4
 Agony                    Necr           0%         N/A       100%        5
 Bolt of Magma            Conj/Fire/Erth 0%         4d4       100%        5
 Borgnjor's Vile Clutch   Necr/Erth      0%         N/A       100%        5
 Excruciating Wounds      Necr           0%         N/A       100%        5
 Silence                  Hex/Air        0%         N/A       100%        5
 Yara's Violent Unravell  Hex/Tmut       0%         3d3       100%        5
 Invisibility             Hex            0%         N/A       100%        6
 Starburst                Conj/Fire      0%         8x6d3     100%        6
 Dragon Form              Tmut           0%         N/A       100%        7
 Ozocubu's Refrigeration  Ice            0%         4d5       100%        7
 Discord                  Hex            0%         N/A       100%        8
 Dragon's Call            Summ           0%         N/A       100%        9


Dungeon Overview and Level Annotations

Branches:
Dungeon (14/15)            Temple (1/1) D:6            Lair (0/6) D:8
    Orc (0/2) D:12        Ossuary (visited)
 Vaults: D:13-14

Altars:
Ashenzari
Cheibriados
Dithmenos
Elyvilon
Fedhas
Gozag
Hepliaklqana
Kikubaaqudgha
Makhleb
Nemelex Xobeh
Okawaru
Qazlal
Ru
Sif Muna
Trog
Uskayaw
Vehumet
Wu Jian
Xom
Yredelemnul
Zin
The Shining One

Shops:
D:7 !   D:8 (=?   D:13 =   D:14 [

Annotations:
D:14 Rupert


Innate Abilities, Weirdness & Mutations

You are small and have problems with some larger weapons.
You are completely attuned to the shadows.


Message History

Rupert closely misses you.
You hit Rupert.
You feel better.
Rupert is lightly wounded.
You puncture Rupert!
You feel better.
Rupert is lightly wounded.
You hit Rupert.
You feel better.
Rupert is lightly wounded.
Rupert completely misses you.
You hit Rupert but do no damage.
Rupert is lightly wounded.
Your shadow hits Rupert but does no damage.
You hit Rupert but do no damage.
Rupert is lightly wounded.
You hit Rupert but do no damage.
Rupert is lightly wounded.
Rupert barely misses you.
You puncture Rupert!
Rupert is lightly wounded.
Your shadow hits Rupert but does no damage.
You hit Rupert but do no damage.
Rupert is lightly wounded.
You hit Rupert but do no damage.
Rupert is lightly wounded.
You hit Rupert but do no damage.
Rupert is lightly wounded.
You block Rupert's attack.
You puncture Rupert!
Rupert is moderately wounded.
You hit Rupert.
Rupert is moderately wounded.
Rupert roars wildly at you.
You are confused.
Rupert roars madly and goes into a rage!
Rupert goes berserk!
Rupert hits you with a +4 great mace of draining!!!
You emit a cloud of dark smoke.
You feel drained.
You bump into the stone wall.
Rupert completely misses you.
Rupert hits you with a +4 great mace of draining!!!
Ouch! That really hurt!
You die...

###...#
#(.... .⌠.⌠
##§#+##
#@@§..#
#§§§.)#
####'####
#.......#
#.......#####
#.#.#.#.#.⌠.#
#.#.#.#.#...#
#.#.#.#.##'##
+.#.#.#.'.[.#


You could see Rupert (berserk).

Vanquished Creatures
  2 deep elf sorcerers (D:14)
  Azrael (D:13)
  Snorg (D:11)
  A hydra (D:12)
  Harold (D:11)
  Erolcha (D:10)
  2 boulder beetles (D:13)
  Erica (D:11)
  2 centaur warriors (D:13)
  A catoblepas (D:13)
  2 two-headed ogres
  3 vampire magi (D:14)
  A tengu warrior (D:12)
  Pikel (D:7)
  2 deep elf pyromancers (D:14)
  A deep elf zephyrmancer (D:14)
  2 ugly things
  2 orc sorcerers (D:14)
  A manticore (D:13)
  5 cyclopes
  Joseph (D:7)
  Maurice (D:13)
  6 naga magi (D:14)
  A gargoyle (D:13)
  An unseen horror (D:11)
  7 kobold demonologists
  2 komodo dragons
  Maggie (D:6)
  An efreet (D:13)
  5 trolls
  Sigmund (D:6)
  2 wraiths
  15 yaks
  A vampire (D:11)
  3 wyverns
  A shadow (D:10)
  Eustachio (D:5)
  4 fire elementals (D:13)
  Grum (D:8)
  2 basilisks
  7 vampire mosquitoes
  Menkaure (D:5)
  Edmund (D:6)
  2 water moccasins (D:8)
  2 acid dragons
  Duvessa (D:5)
  An ice beast (D:7)
  A black bear (D:6)
  3 necrophages
  4 ogres
  4 wolves (D:8)
  2 lemures (D:7)
  2 centaurs
  4 kobold brigands
  4 scorpions
  5 bullfrogs
  A water moccasin zombie (D:5)
  Dowan (D:5)
  A killer bee (D:10)
  13 wights
  6 howler monkeys
  A bullfrog zombie (D:6)
  3 jellies
  12 centaur zombies
  2 hounds
  2 orc priests
  2 centaur skeletons
  2 bullfrog skeletons (D:6)
  An iguana (D:8)
  8 orc wizards
  2 hound skeletons
  4 mummies (Ossuary)
  2 howler monkey zombies
  6 gnolls (D:4)
  5 adders
  A shadow imp (D:8)
  3 white imps
  An adder skeleton (D:4)
  2 dart slugs
  3 worms
  15 orcs
  3 bats
  7 endoplasms
  4 giant cockroaches (D:1)
  10 goblins
  8 hobgoblins
  5 jackals (D:1)
  8 ball pythons
  A frilled lizard (D:3)
  5 gnoll skeletons (Ossuary)
  4 gnoll zombies (Ossuary)
  3 goblin skeletons (Ossuary)
  5 goblin zombies (Ossuary)
  3 hobgoblin skeletons (Ossuary)
  4 hobgoblin zombies (Ossuary)
  18 kobolds
  6 kobold skeletons (Ossuary)
  3 kobold zombies (Ossuary)
  3 orc skeletons (Ossuary)
  6 orc zombies (Ossuary)
  14 rats
  5 rat skeletons (Ossuary)
  3 rat zombies (Ossuary)
361 creatures vanquished.

Vanquished Creatures (others)
  6 fungi (D:8)
  41 plants
47 creatures vanquished.

Grand Total: 408 creatures vanquished

Notes
Turn   | Place    | Note
-------+----------+-------------------------------------------
     0 | D:1      | Kuinu the Kobold Brigand began the quest for the Orb.
     0 | D:1      | Reached XP level 1. HP: 12/12 MP: 1/1
   200 | D:1      | Reached XP level 2. HP: 13/18 MP: 2/2
   640 | D:1      | Reached XP level 3. HP: 22/22 MP: 3/3
   843 | D:1      | Found a faded altar of an unknown god.
  1527 | D:2      | You fall into a shaft and drop 1 floor!
  1936 | D:2      | Reached XP level 4. HP: 11/27 MP: 4/4
  2695 | D:3      | Reached skill level 6 in Stealth
  3206 | D:3      | Reached XP level 5. HP: 31/32 MP: 5/5
  3675 | D:3      | Found a bloodstained altar of Trog.
  4251 | D:4      | Reached XP level 6. HP: 5/37 MP: 6/6
  5033 | D:4      | Noticed an ogre
  5037 | D:4      | Killed an ogre
  5038 | D:4      | Reached skill level 5 in Short Blades
  5038 | D:4      | Reached skill level 7 in Stealth
  5055 | D:4      | Reached XP level 7. HP: 43/43 MP: 7/7
  5490 | D:5      | Entered Level 5 of the Dungeon
  6129 | D:5      | Noticed Menkaure
  6138 | D:5      | Killed Menkaure
  6139 | D:5      | Reached skill level 5 in Dodging
  6139 | D:5      | Reached XP level 8. HP: 30/48 MP: 8/8
  6266 | D:5      | Reached skill level 5 in Fighting
  6292 | D:5      | Reached skill level 8 in Stealth
  6292 | D:5      | Noticed Dowan
  6295 | D:5      | Noticed Duvessa
  6298 | D:5      | Killed Dowan
  6312 | D:5      | Killed Duvessa
  6604 | D:5      | Noticed Eustachio
  6608 | D:5      | Killed Eustachio
  7039 | D:5      | Reached skill level 9 in Stealth
  7095 | D:6      | Reached XP level 9. HP: 55/55 MP: 9/9
  7096 | D:6      | Found a staircase to the Ecumenical Temple.
  7115 | Temple   | Entered the Ecumenical Temple
  7181 | Temple   | Became a worshipper of Dithmenos the Shadowed
  7238 | D:6      | Noticed Maggie
  7242 | D:6      | Killed Maggie
  7253 | D:6      | Noticed Sigmund
  7257 | D:6      | Killed Sigmund
  7335 | D:6      | Noticed Edmund
  7339 | D:6      | Killed Edmund
  7340 | D:6      | Reached skill level 10 in Stealth
  7485 | D:6      | Identified the +3 hand crossbow "Utisal" {freeze, rElec
                  | Will+}
  8089 | D:7      | Reached XP level 10. HP: 63/63 MP: 10/10
  8168 | D:7      | Noticed a cyclops
  8172 | D:7      | Killed a cyclops
  8173 | D:7      | Reached skill level 11 in Stealth
  8209 | D:7      | Noticed Joseph
  8238 | D:7      | Killed Joseph
  8361 | D:7      | Found Pifull's Distillery.
  8409 | D:7      | Reached * piety under Dithmenos
  8470 | D:7      | Found a sand-covered staircase.
  8477 | Ossuary  | Entered an ossuary
  8639 | Ossuary  | Reached ** piety under Dithmenos
  8861 | D:7      | Identified a scroll of acquirement
  8861 | D:7      | Acquired the +8 Vampire's Tooth {vamp}
  8862 | D:7      | Found the +8 Vampire's Tooth {vamp}
  8906 | D:7      | Noticed Pikel
  8925 | D:7      | Killed Pikel
  8926 | D:7      | Reached skill level 10 in Short Blades
  9526 | D:8      | Found Achacin's Magic Scroll Shoppe.
  9642 | D:8      | Reached *** piety under Dithmenos
  9710 | D:8      | Noticed Grum
  9710 | D:8      | Noticed a two-headed ogre
  9746 | D:8      | Killed a two-headed ogre
  9747 | D:8      | Reached skill level 1 in Armour
  9747 | D:8      | Reached skill level 12 in Stealth
  9747 | D:8      | Reached skill level 1 in Shields
  9747 | D:8      | Reached XP level 11. HP: 69/69 MP: 11/11
  9766 | D:8      | Killed Grum
 10140 | D:8      | Found a staircase to the Lair.
 10416 | D:8      | Found Imiuromi's Weapon Shop.
 10876 | D:8      | Found Ohexeole's Jewellery Boutique.
 11362 | D:8      | Bought a scroll of brand weapon for 240 gold pieces
 11445 | D:9      | Reached skill level 10 in Dodging
 11642 | D:9      | Identified the +1 robe "Zeakoeh" {rElec rF+++ Int-3 Dex-2}
 11829 | D:9      | You fall into a shaft and drop 3 floors!
 11830 | D:12     | Noticed a tengu warrior
 11834 | D:12     | Killed a tengu warrior
 11854 | D:11     | Noticed Harold
 11858 | D:11     | Killed Harold
 11905 | D:10     | Entered Level 10 of the Dungeon
 12404 | D:10     | Noticed Erolcha
 12422 | D:10     | Killed Erolcha
 12423 | D:10     | Reached skill level 13 in Stealth
 12457 | D:10     | Reached **** piety under Dithmenos
 12538 | D:10     | Reached XP level 12. HP: 77/77 MP: 12/12
 12565 | D:10     | Reached skill level 10 in Fighting
 13076 | D:11     | Found a radiant altar of Vehumet.
 13341 | D:11     | Noticed Snorg
 13361 | D:11     | Killed Snorg
 13600 | D:11     | Noticed a two-headed ogre
 13604 | D:11     | Killed a two-headed ogre
 13665 | D:11     | Reached skill level 14 in Stealth
 13679 | D:11     | Noticed Erica
 13683 | D:11     | Killed Erica
 14307 | D:12     | Reached ***** piety under Dithmenos
 14308 | D:12     | Reached XP level 13. HP: 84/84 MP: 13/13
 14609 | D:12     | Identified the Guide on Ignition and Clay
 14755 | D:12     | Noticed a five-headed hydra
 14759 | D:12     | Killed a five-headed hydra
 14858 | D:12     | Found a staircase to the Orcish Mines.
 15462 | D:13     | Noticed a centaur warrior
 15483 | D:13     | Killed a centaur warrior
 15532 | D:13     | Noticed a boulder beetle
 15550 | D:13     | Killed a boulder beetle
 15607 | D:13     | Noticed Azrael
 15613 | D:13     | Killed Azrael
 15630 | D:13     | Noticed a catoblepas
 15634 | D:13     | Killed a catoblepas
 15706 | D:13     | Noticed a centaur warrior
 15710 | D:13     | Killed a centaur warrior
 15711 | D:13     | Reached skill level 15 in Stealth
 15801 | D:13     | Noticed a boulder beetle
 15805 | D:13     | Killed a boulder beetle
 15886 | D:13     | Noticed Maurice
 15890 | D:13     | Killed Maurice
 16025 | D:13     | Found Ijushuowk's Jewellery Shoppe.
 16280 | D:14     | Found Ytotop's Armour Shop.
 16314 | D:14     | Identified Udep's Papyrus of Execration
 16539 | D:14     | Reached XP level 14. HP: 91/91 MP: 14/14
 16562 | D:14     | Found a shimmering blue altar of Sif Muna.
 16573 | D:14     | Noticed a deep elf sorcerer
 16577 | D:14     | Killed a deep elf sorcerer
 16596 | D:14     | Noticed a deep elf sorcerer
 16600 | D:14     | Killed a deep elf sorcerer
 16680 | D:14     | Reached skill level 5 in Armour
 16689 | D:14     | Identified Sif Muna's Almanac of Glacial Stones
 16712 | D:14     | Identified the Papyrus of Enthralling Clay
 16842 | D:14     | Noticed Rupert
 16862 | D:14     | Demolished by Rupert

Illustrated notes

Levels and vault maps discovered:
D:1:      beargit_arrival_greenhouse, layout_basic,
          ebering_ecumenical_altar_petrified, minmay_misc_feat_tower
D:2:      layout_loops_ring
D:3:      cheibrodos_pilgrimage, layout_loops_ring, trog_hazing_becter,
          minmay_fractal_squares_diagonal_5
D:4:      layout_basic
D:5:      layout_basic, fountainhead, minmay_misc_feat_secret_circle,
          uniq_menkaure, uniq_duvessa, uniq_eustachio
D:6:      layout_loops_ring, minmay_temple_entry_ruins, uniq_sigmund,
          uniq_maggie, uniq_edmund
D:7:      layout_basic, serial_corexii_hall, chequers_hall_statues_y,
          corexii_hall_statues_deadend, lightli_ossuary_entry_decrepit_ruins,
          serial_shops, shop, uniq_joseph, uniq_pikel
D:8:      layout_layer_cave, minmay_lair_entry_grove, serial_shops,
          kennysheep_little_box, shop, nicolae_shop_stone, uniq_grum
D:9:      layout_roguey
D:10:     wad_woods_structure_01, layout_basic, corner_web_ring,
          chequers_serial_rivers_micro_e, minmay_misc_feat_square, uniq_erolcha
D:11:     layout_cave_pods, fiery_altar_vehumet, uniq_harold, uniq_erica,
          uniq_snorg
D:12:     layout_basic, minivault_12
D:13:     layout_small_grid, serial_shops, shop, grunt_ministairs_5,
          uniq_maurice, uniq_azrael
D:14:     evilmike_library_of_no_secrets, layout_loops_corners,
          grunt_vaults_entry_fortified, serial_shops, shop, chequers_big_river,
          minmay_misc_feat_enclosed, uniq_josephine, uniq_louise, uniq_rupert
Temple:   grunt_wide_crystal_templ

Skill      XL: |  1  2  3  4  5  6  7  8  9 10 11 12 13 14 |
---------------+-------------------------------------------+-----
Short Blades   | 3 4 5 6 7 8 10 11 12 13 14 | 14.0
Dodging        | 2 3 4 5 6 7 9 10 11 12 13 | 13.1
Fighting       | 3 4 6 7 8 9 10 11 12 | 12.3
Stealth        | 6 7 9 10 12 13 14 15 | 15.8
Armour         | 1 2 3 4 5 |  5.0
Shields        | 1 2 3 4 |  4.8
Throwing       | |  2.1

Action                   |  1- 3 |  4- 6 |  7- 9 | 10-12 | 13-15 || total
-------------------------+-------+-------+-------+-------+-------++-------
Melee: Dagger            |   137 |   165 |     7 |       |       ||   309
       Short sword       |       |       |   145 |   311 |    49 ||   505
       Quick blade       |       |       |       |   343 |   267 ||   610
Throw: Dart              |     7 |    11 |     9 |     3 |       ||    30
  Use: Scroll            |     7 |     1 |    10 |     8 |     6 ||    32
       Potion            |       |     1 |     3 |       |     2 ||     6
 Stab: Sleeping          |    18 |    11 |    25 |    50 |    37 ||   141
       Distracted        |       |     2 |     1 |     3 |     1 ||     7
Armor: Robe              |    18 |       |       |       |       ||    18
       Leather armour    |       |    27 |     5 |    39 |    12 ||    83
Dodge: Dodged            |    62 |   101 |    72 |   275 |   116 ||   626
Block: Other             |       |       |    10 |    12 |       ||    22
       Reflection        |       |       |     1 |     1 |     1 ||     3
       Buckler           |       |       |       |   139 |   102 ||   241

Table legend: (Time is in decaauts)
 A = Elapsed time spent in this place.
 B = Non-inter-level travel time spent in this place.
 C = Inter-level travel time spent in this place.
 D = Time resting spent in this place.
 E = Time spent auto-exploring this place.
 F = Levels seen in this place.
 G = Mean time per level.
                   A        B        C        D        E       F      G
               +--------+--------+--------+--------+--------+-----+--------+
         Total |  16216 |  15630 |    586 |    843 |  12310 |  16 | 1013.5 |
       Dungeon |  15803 |  15225 |    578 |    843 |  12092 |  14 | 1128.8 |
        Temple |     75 |     67 |      8 |      0 |     64 |   1 |   75.0 |
       Ossuary |    337 |    337 |      0 |      0 |    154 |   1 |  337.0 |
               +--------+--------+--------+--------+--------+-----+--------+

Top non-repeatable levels by time:
     D:8: 1935 daAuts
     D:4: 1616 daAuts
     D:5: 1581 daAuts
     D:1: 1449 daAuts
     D:3: 1345 daAuts
    D:11: 1105 daAuts
    D:13: 1039 daAuts
     D:2: 1018 daAuts
     D:7: 992 daAuts
    D:12: 900 daAuts
    D:10: 858 daAuts
     D:6: 738 daAuts
     D:9: 669 daAuts
    D:14: 553 daAuts
 Ossuary: 337 daAuts
